General information
- name: BNet
- type: Ladder 1vs1/FFA
- host: Battle.net
- saver: Mr.Mister
map: TidewaterGlades
- players: 2
- length: 122:16
- speed: Fast
- version: 1.27 W3XP
- replay type: Public
» download(268 KB)
Players
team 1 (winner)
Mr.Mister (
green | 40 APM | 4879 actions | 122:16)
8 Blademaster
3 Critical Strike
3 Wind Walk
1 Bladestorm
1 Mirror Image
7 Goblin Tinker
3 Pocket Factory
3 Engineering Upgrade
1 Robo-Goblin
» actions
| Assign group hotkey | 44 | |
| Basic commands | 357 | |
| Build / train | 136 | |
| ESC pressed | 4 | |
| Enter build submenu | 166 | |
| Enter hero's abilities submenu | 16 | |
| Give item / drop item | 35 | |
| Right click | 1974 | |
| Select / deselect | 1157 | |
| Select group hotkey | 524 | |
| Use ability | 463 | |
4879 total
» units
| Peon | 17 | |
| Wind Rider | 5 | |
| Goblin Shredder | 2 | |
| Goblin Zeppelin | 11 | |
| Furbolg Shaman | 2 | |
| Troll Batrider | 25 | |
| Spirit Walker | 1 | |
| Demolisher | 1 | |
64 total
» upgrades
| Reinforced Defenses | 1 | |
| Spiked Barricades | 3 | |
| Envenomed Spears | 1 | |
| Ranged Weapons | 3 | |
| Liquid Fire | 1 | |
| Troll Regeneration | 1 | |
| Spirit Walker Training | 2 | |
| Armor | 3 | |
| Witch Doctor Training | 1 | |
| Melee Weapons | 1 | |
17 total
» buildings
| Altar of Storms | 1 | |
| Orc Burrow | 9 | |
| Voodoo Lounge | 2 | |
| War Mill | 2 | |
| Stronghold | 1 | |
| Watch Tower | 102 | |
| Beastiary | 4 | |
| Fortress | 1 | |
| Great Hall | 2 | |
| Barracks | 1 | |
| Spirit Lodge | 1 | |
126 total
» build order
00:06 Altar of Storms
00:19 Orc Burrow
00:49 Voodoo Lounge
01:10 War Mill
02:37 Stronghold
04:21 Watch Tower
04:26 Watch Tower
04:27 Watch Tower
05:01 Beastiary
05:04 Orc Burrow
05:05 Orc Burrow
05:07 Beastiary
05:09 Beastiary
05:23 Beastiary
05:29 Watch Tower
05:32 Watch Tower
05:34 Watch Tower
06:00 Watch Tower
06:01 Watch Tower
06:04 Watch Tower
09:01 Fortress
09:04 Orc Burrow
09:50 Great Hall
10:34 Watch Tower
10:35 Watch Tower
10:39 Watch Tower
10:52 Watch Tower
11:39 Watch Tower
11:40 Watch Tower
12:02 Watch Tower
12:03 Watch Tower
12:04 Watch Tower
13:55 Watch Tower
13:56 Watch Tower
14:29 Voodoo Lounge
18:20 Watch Tower
18:21 Watch Tower
18:23 Watch Tower
18:23 Watch Tower
19:02 Watch Tower
22:17 Watch Tower
22:26 Great Hall
22:54 Watch Tower
22:55 Watch Tower
22:55 Watch Tower
23:01 Watch Tower
24:11 Watch Tower
24:12 Watch Tower
25:27 Watch Tower
25:28 Watch Tower
25:30 Watch Tower
25:31 Watch Tower
25:34 Watch Tower
25:34 Watch Tower
25:53 Barracks
31:25 Watch Tower
31:36 Watch Tower
31:46 Watch Tower
31:59 Watch Tower
32:04 Watch Tower
32:07 Watch Tower
32:09 Watch Tower
32:17 Watch Tower
32:32 Watch Tower
32:47 Watch Tower
33:01 Spirit Lodge
33:53 Watch Tower
33:54 Watch Tower
33:59 Orc Burrow
36:46 Watch Tower
37:09 Watch Tower
37:10 Watch Tower
37:11 Watch Tower
37:12 Watch Tower
37:12 Watch Tower
37:14 Watch Tower
37:15 Watch Tower
37:18 Watch Tower
37:55 Orc Burrow
39:29 Watch Tower
39:29 Watch Tower
39:31 Watch Tower
39:32 Watch Tower
42:21 Watch Tower
48:46 Watch Tower
59:02 Watch Tower
59:04 Watch Tower
59:10 Watch Tower
59:12 Watch Tower
60:17 Watch Tower
60:27 Watch Tower
61:30 Watch Tower
61:42 Watch Tower
61:48 Watch Tower
62:08 War Mill
62:43 Watch Tower
62:46 Watch Tower
63:03 Orc Burrow
64:00 Watch Tower
64:07 Watch Tower
64:11 Watch Tower
64:13 Watch Tower
64:17 Watch Tower
64:27 Orc Burrow
65:22 Watch Tower
65:48 Watch Tower
66:01 Orc Burrow
66:12 Watch Tower
66:53 Watch Tower
66:55 Watch Tower
67:08 Watch Tower
68:02 Watch Tower
68:08 Watch Tower
68:20 Watch Tower
68:29 Watch Tower
69:09 Watch Tower
69:12 Watch Tower
69:47 Watch Tower
70:20 Watch Tower
70:27 Watch Tower
70:56 Watch Tower
71:44 Watch Tower
71:48 Watch Tower
75:50 Watch Tower
75:51 Watch Tower
75:52 Watch Tower
» items
| Lesser Clarity Potion | 8 | |
| Healing Salve | 11 | |
| Boots of Speed | 2 | |
| Staff of Teleportation | 2 | |
| Orb of Lightning | 2 | |
| Potion of Lesser Invulnerability | 3 | |
| Potion of Healing | 3 | |
| Potion of Invisibility | 3 | |
| Tiny Great Hall | 2 | |
36 total
team 2 (loser)
pipa (
red | 19 APM | 2366 actions | 122:12)
5 Crypt Lord
1 Impale
1 Carrion Beetles
3 Spiked Carapace
» actions
| Basic commands | 60 | |
| Build / train | 131 | |
| Enter build submenu | 69 | |
| Enter hero's abilities submenu | 5 | |
| Give item / drop item | 4 | |
| Right click | 1046 | |
| Select / deselect | 879 | |
| Use ability | 172 | |
2366 total
» units
| Acolyte | 18 | |
| Ghoul | 18 | |
| Goblin Shredder | 2 | |
| Crypt Fiend | 13 | |
| Obsidian Statue | 10 | |
| Goblin Zeppelin | 1 | |
| Banshee | 4 | |
| Meatwagon | 1 | |
| Necromancer | 7 | |
| Frost Wyrm | 2 | |
76 total
» upgrades
| Unholy Strength | 2 | |
| Unholy Armor | 2 | |
| Cannibalize | 1 | |
| Creature Attack | 3 | |
| Web | 1 | |
| Creature Carapace | 3 | |
| Destroyer Form | 1 | |
| Banshee Training | 2 | |
| Exhume Corpses | 1 | |
| Necromancer Training | 2 | |
| Skeletal Mastery | 1 | |
| Skeletal Longevity | 1 | |
| Freezing Breath | 1 | |
| Disease Cloud | 1 | |
22 total
» buildings
| Crypt | 4 | |
| Ziggurat | 31 | |
| Altar of Darkness | 2 | |
| Graveyard | 2 | |
| Halls of the Dead | 2 | |
| Spirit Tower | 15 | |
| Nerubian Tower | 8 | |
| Tomb of Relics | 2 | |
| Black Citadel | 2 | |
| Slaughterhouse | 3 | |
| Temple of the Damned | 2 | |
| Necropolis | 3 | |
| Sacrificial Pit | 1 | |
| Boneyard | 1 | |
78 total
» build order
03:22 Crypt
03:33 Ziggurat
03:40 Altar of Darkness
03:53 Graveyard
04:02 Crypt
04:09 Ziggurat
04:19 Ziggurat
04:54 Crypt
06:17 Ziggurat
07:45 Ziggurat
07:52 Ziggurat
08:24 Halls of the Dead
08:55 Spirit Tower
08:58 Ziggurat
09:02 Spirit Tower
09:34 Ziggurat
09:40 Ziggurat
10:36 Nerubian Tower
10:38 Nerubian Tower
12:40 Nerubian Tower
13:29 Tomb of Relics
13:40 Black Citadel
14:01 Slaughterhouse
15:10 Slaughterhouse
16:33 Ziggurat
18:22 Ziggurat
19:58 Spirit Tower
20:42 Temple of the Damned
27:03 Ziggurat
27:58 Spirit Tower
28:05 Ziggurat
29:55 Nerubian Tower
30:17 Ziggurat
31:08 Crypt
31:29 Spirit Tower
33:56 Ziggurat
35:22 Spirit Tower
35:37 Ziggurat
36:36 Spirit Tower
39:13 Nerubian Tower
39:27 Nerubian Tower
40:22 Ziggurat
40:49 Ziggurat
41:15 Ziggurat
41:42 Ziggurat
41:46 Nerubian Tower
42:24 Temple of the Damned
42:57 Spirit Tower
43:18 Ziggurat
43:41 Ziggurat
44:22 Spirit Tower
44:46 Slaughterhouse
46:06 Spirit Tower
46:17 Ziggurat
47:42 Necropolis
47:53 Necropolis
49:08 Graveyard
49:21 Ziggurat
49:27 Ziggurat
50:02 Ziggurat
51:00 Spirit Tower
51:02 Spirit Tower
51:04 Spirit Tower
51:09 Halls of the Dead
52:11 Tomb of Relics
53:37 Sacrificial Pit
54:36 Altar of Darkness
55:55 Black Citadel
57:47 Ziggurat
58:20 Boneyard
58:52 Spirit Tower
59:32 Ziggurat
61:23 Spirit Tower
65:00 Ziggurat
66:06 Nerubian Tower
76:15 Necropolis
120:31 Ziggurat
120:38 Ziggurat
Chat log
(10:13 / All) Mr.Mister: im not going to let you expand
(10:15 / All) Mr.Mister: dont bother
(19:10 / All) Mr.Mister: destroyers are a really bad choice vs fortified towers
(19:21 / All) Mr.Mister: do you know what armor is?
(23:11 / All) Mr.Mister: whats the blimp for?
(23:34 / All) Mr.Mister: hmm that didnt work
(23:42 / All) Mr.Mister: you know you could just make 1 shade right?
(30:03 / All) Mr.Mister: hey dont get greedy
(30:05 / All) Mr.Mister: 1 mine at a time
(30:17 / All) Mr.Mister: im being generous
(31:04 / All) Mr.Mister: dont mind me just dropping to upkeep
(33:48 / All) Mr.Mister: is your apm above 10 yet?
(34:19 / All) Mr.Mister: a blademaster is clearly visible, 10 feet from your base
(34:55 / All) Mr.Mister: you have a huge army and they're huddling around your gold mine like frightened children
(35:16 / All) pipa: u talk too much ur mouth like asshole is it
(35:22 / All) Mr.Mister: was that even english?
(35:47 / All) Mr.Mister: man, im glad you cant get into the u.s. anymore
(35:52 / All) pipa: ask ur mom
(36:05 / All) Mr.Mister: my mom is a professor of english. she says it's not.
(36:27 / All) Mr.Mister: she said it was probably generated by an algorithm used to mimick english
(36:29 / All) Mr.Mister: are you a bot?
(36:34 / All) Mr.Mister: or just poorly educated?
(37:29 / All) Mr.Mister: so i'm guessing that instead of typing, you're extremely busy
(37:32 / All) Mr.Mister: microing your units
(37:35 / All) Mr.Mister: and managing your economy
(37:50 / All) Mr.Mister: which consists of 1 gold mine. and you're in upkeep
(38:04 / All) Mr.Mister: you're not very smart, are you?
(38:33 / All) Mr.Mister: haha wow you actually reacted to that
(38:38 / All) Mr.Mister: so you're not afk you're just really bad.
(40:36 / All) Mr.Mister: So, please explain why you decided not to build shades.
(40:47 / All) Mr.Mister: Let me hear your well-thought explanation.
(41:39 / All) Mr.Mister: i like how despite the fact that you're doing nothing, you keep anti-magic shell on your hero.
(41:48 / All) Mr.Mister: when it does nothing vs orc.
(45:52 / All) Mr.Mister: And you STILL havent made any shades
(46:06 / All) Mr.Mister: What university let you in?
(46:18 / All) Mr.Mister: Haha just amusing myself. No seriously, did you finish elementary school?
(49:49 / All) Mr.Mister: Do you think it's a good idea to be in upkeep right now?
(51:52 / All) Mr.Mister: Mecha-tinker:
(51:55 / All) Mr.Mister: TRANSFORM!!!
(57:04 / All) Mr.Mister: Finally a sacrificial pit
(57:07 / All) Mr.Mister: No shades yet.
(58:04 / All) Mr.Mister: Where do you hail from?
(58:12 / All) Mr.Mister: Oh wait I'll put it in terms you can understand
(58:14 / All) Mr.Mister: from?
(60:46 / All) Mr.Mister: STILL no shades?
(60:59 / All) Mr.Mister: This is like the special olympics of warcraft.
(68:41 / All) Mr.Mister: hi
(68:50 / All) Mr.Mister: ready to show me your huge game-winning army?
(68:54 / All) Mr.Mister: i bet youll never take my base down
(72:31 / All) Mr.Mister: Wow finally a shade
(72:36 / All) Mr.Mister: At the 55 minute mark
(72:53 / All) Mr.Mister: You excited?
(72:56 / All) Mr.Mister: The big push!
(73:11 / All) Mr.Mister: Bet you can't wait to level my base and then shit talk
(73:16 / All) Mr.Mister: Been quiet all this time
(73:41 / All) Mr.Mister: Just waiting so you can win the game and whisper me about it amirite?
(73:49 / All) Mr.Mister: Let's see your pro micro skills
(74:42 / All) Mr.Mister: Bet you're feelin' good now.
(76:14 / All) Mr.Mister: So much destruction
(76:15 / All) Mr.Mister: Such wow
(76:18 / All) Mr.Mister: Very pro.
(76:42 / All) Mr.Mister: YOUR BASE IS UNDEFENDED
(76:46 / All) Mr.Mister: OH NOES
(77:33 / All) Mr.Mister: NOOOOOO
(77:43 / All) Mr.Mister: ARRGH YEA BEAT MEH.
(77:54 / All) Mr.Mister: BUT WAIT SOMETHING IS GETTING REVEALED
(78:31 / All) Mr.Mister: That's okay. You have like 100,000 gold saved up, right?
(78:50 / All) Mr.Mister: I only have 27,208 gold and 23,802 lumber.
(78:53 / All) Mr.Mister: How much do you have?
(79:41 / All) Mr.Mister: Hey do you need that zepplin?
(79:55 / All) Mr.Mister: No? Okay.
(80:06 / All) Mr.Mister: Shoulda said something if you needed i.
(80:08 / All) Mr.Mister: *it.
(80:26 / All) Mr.Mister: But I'm sure you were a smart player and stayed under upkeep, saving up gold
(80:49 / All) Mr.Mister: You won't have to do something humiliating, like sell your items and unsummon buildings.
(80:53 / All) Mr.Mister: Only noobs do that.
(81:47 / All) Mr.Mister: So...plan?
(82:57 / All) Mr.Mister: I bet you're mad now :)
(83:00 / All) Mr.Mister: Really angry.
(83:14 / All) Mr.Mister: Nothing you can do about it :)
(85:07 / All) Mr.Mister: You really have no idea how to win, do you? :)
(85:21 / All) Mr.Mister: There is a way, if you're nice to me I might tell you...
(85:41 / All) Mr.Mister: Or you could just get mad and leave like a noob :D
(85:51 / All) pipa: can u just fusking shut ur asshole?
(87:39 / All) Mr.Mister: My asshole doesn't shut. Neither does yours.
(87:43 / All) Mr.Mister: In fact, no one's dose.
(87:48 / All) Mr.Mister: *does
(88:04 / All) Mr.Mister: Unless they have an unperforated anus, which would be a congenital defect requiring surgery.
(88:30 / All) Mr.Mister: Also if you're so mad, why not leave?
(88:38 / All) Mr.Mister: W h Y n O t L e A v E ?
(90:20 / All) Mr.Mister: Oh wow are you seriously trying to win?
(90:33 / All) Mr.Mister: I've been afk and jerking off most of this time.
(90:39 / All) Mr.Mister: I would look at porn but right now I don't need it
(90:44 / All) Mr.Mister: This game is getting me so hard.
(91:06 / All) Mr.Mister: I'll save you some time: no, you can't shoot across the water.
(92:25 / All) Mr.Mister: "Gee maybe going into high upkeep wasn't a great idea!"
(92:41 / All) Mr.Mister: ...and you're STILL putting anti magic shield on your hero!
(92:43 / All) Mr.Mister: HAHAHA
(92:53 / All) Mr.Mister: What do you think it accomplishes?
(93:02 / All) Mr.Mister: For that matter, what do you think staying in the game accomplishes?
(93:35 / All) Mr.Mister: Did you know that you try too hard?
(93:53 / All) Mr.Mister: I'll be afk, wake me up when you start raging more.
(108:26 / All) Mr.Mister: So, still no plan?
(110:25 / All) Mr.Mister: Haha oh wow youre not afk
(110:57 / All) Mr.Mister: You're just really, really bad.
(111:15 / All) Mr.Mister: You lost a statue to goblins by the way.
(113:44 / All) Mr.Mister: You seriously used unholy frenzy?
(113:47 / All) Mr.Mister: Wow you try too hard
(115:33 / All) Mr.Mister: Your guy died.
(116:06 / All) Mr.Mister: How does that make you feel?
(116:59 / All) Mr.Mister: You're not even autocasting curse?
(117:06 / All) Mr.Mister: You try so hard...
(117:07 / All) Mr.Mister: Haha
(118:37 / All) Mr.Mister: You really thought you were going to win, didn't you?
(119:57 / All) Mr.Mister: You're even attacking with acolytes
(119:58 / All) Mr.Mister: Wow.
(120:49 / All) Mr.Mister: You're making more buildings?
(120:51 / All) Mr.Mister: hahahahahahah
(121:38 / All) Mr.Mister: 2ez
(121:47 / All) Mr.Mister: And my tinker's already repaired.